[Event "Titled Tuesday Blitz June 27 Early 2023"]
[White "Tabatabaei, M. Amin"]
[Black "Kourkoulos-Arditis, Stamatis"]
[WhiteFideId "12521213"]
[BlackFideId "4221990"]
[WhiteElo "2996"]
[BlackElo "2664"]
[Result "1/2-1/2"]
[Round "2"]
[TimeControl "180+2"]
[Date "2023.06.27"]
[WhiteClock "0:00:02"]
[BlackClock "0:00:06"]
[Board "11"]

1. c4 Nf6 2. Nc3 g6 3. e4 d6 4. d4 Bg7 5. Be2 O-O 6. Be3 Na6 7. Nf3 e5 8. O-O Ng4 9. Bg5 Qe8 10. Re1 exd4 11. Nxd4 Qe5 12. Nf3 Qc5 13. Bh4 Bxc3 14. bxc3 Be6 15. Qd4 f6 16. Nd2 Ne5 17. Nb3 Qb6 18. Rab1 Rab8 19. a4 Kg7 20. Rec1 c5 21. Qd1 Qc6 22. Nd2 g5 23. Bg3 Nc7 24. h4 h6 25. Nf3 Rbd8 26. Nxe5 dxe5 27. Qc2 Ne8 28. Rd1 Nd6 29. Rd5 Bxd5 30. cxd5 Qc8 31. a5 c4 32. Rb4 Qc5 33. Qb1 Rd7 34. Bg4 Rc7 35. Be6 Qxa5 36. f3 Qa3 37. Qc2 a5 38. Ra4 Qc5+ 39. Bf2 Qb5 40. Ra1 Qb3 41. Qc1 Qb5 42. Qa3 Rd8 43. Qa2 a4 44. Rb1 Qa6 45. Bb6 Rdc8 46. Bxc7 Rxc7 47. Qa3 b5 48. Qb4 Qb6+ 49. Kf1 Ra7 50. hxg5 hxg5 51. Qa3 Qe3 52. Re1 Qd3+ 53. Kf2 Ra6 54. Qc5 g4 55. Qc7+ Kg6 56. Qd8 Qd2+ 57. Kf1 g3 58. Qg8+ Kh6 59. Qxg3 Qg5 60. Qh3+ Kg7 61. Kf2 a3 62. Rh1 Qd2+ 63. Kg1 Qc1+ 64. Kh2 Qf4+ 65. Kg1 Qc1+ 66. Kf2 Qd2+ 67. Kf1 Qc1+ 68. Ke2 Qc2+ 69. Ke3 Qxc3+ 70. Kf2 Qd2+ 71. Kf1 Qc1+ 72. Ke2 Qc2+ 73. Ke1 Qc1+ 74. Kf2 Qd2+ 75. Kf1 Qc1+ 76. Ke2 Qxh1 77. Qxh1 a2 78. Qh3 a1=Q 79. Qg4+ Kf8 80. Qg8+ Ke7 81. Qg7+ Ke8 82. Qg8+ Ke7 83. Qg7+ Ke8 84. Qh8+ Ke7 85. Qh7+ Ke8 86. Qg8+ Ke7 1/2-1/2


[Site "https://www.chess.com"]

[Event "Titled Tuesday Blitz June 27 Early 2023"]
[White "Alex_Sahakyan2006"]
[Black "Paravyan, David"]
[BlackFideId "4194985"]
[WhiteElo "2660"]
[BlackElo "2994"]
[Result "0-1"]
[Round "2"]
[TimeControl "180+2"]
[Date "2023.06.27"]
[WhiteClock "0:00:03"]
[BlackClock "0:00:06"]
[Board "12"]

1. d4 Nf6 2. Nf3 g6 3. Nc3 d5 4. Bf4 Bg7 5. e3 O-O 6. Nb5 Na6 7. h3 Ne4 8. Nd2 Nxd2 9. Qxd2 c6 10. Nc3 Nb8 11. Rd1 Nd7 12. e4 dxe4 13. Nxe4 Nf6 14. Nxf6+ exf6 15. Be2 Re8 16. O-O Bf5 17. Bc4 Qd7 18. Bg3 Be6 19. Bb3 a5 20. d5 cxd5 21. Bxd5 f5 22. Bxe6 Qxe6 23. b3 Qc6 24. c4 a4 25. Qb4 axb3 26. axb3 Re4 27. Rd6 Qc8 28. Qd2 Bf8 29. Rd7 Qc6 30. Rd1 Rae8 31. Rd8 Bc5 32. Rxe8+ Rxe8 33. Qd7 Re1+ 34. Kh2 Qxd7 35. Rxd7 b6 36. h4 h5 37. Rb7 f6 38. b4 Bxb4 39. Rxb6 Bc3 40. c5 Rc1 41. c6 Be5 42. Rb8+ Kf7 43. Rb7+ Ke6 44. c7 f4 45. Rb6+ Kf5 46. Bxf4 Kxf4 47. g3+ Kf3 48. Rb3+ Kxf2 0-1


[Site "https://www.chess.com"]

[Event "Titled Tuesday Blitz June 27 Early 2023"]
[White "Narayanan.S.L"]
[Black "Sahib Singh"]
[WhiteFideId "5058422"]
[BlackFideId "25618342"]
[WhiteElo "2990"]
[BlackElo "2660"]
[Result "1-0"]
[Round "2"]
[TimeControl "180+2"]
[Date "2023.06.27"]
[WhiteClock "0:01:56"]
[BlackClock "0:00:02"]
[Board "13"]

1. e3 e5 2. b3 d5 3. Bb2 Bd6 4. c4 Nf6 5. cxd5 Nxd5 6. Ne2 O-O 7. Nbc3 Nf6 8. Ng3 Nc6 9. h4 Bg4 10. Be2 Be6 11. h5 h6 12. a3 a6 13. Bc4 Qd7 14. Bxe6 Qxe6 15. Qc2 Rae8 16. d3 Qg4 17. Qe2 Qxe2+ 18. Kxe2 Nd7 19. Nf5 Ne7 20. g4 Nxf5 21. gxf5 Nf6 22. Ne4 Nxe4 23. dxe4 f6 24. Rhg1 Kf7 25. Rg6 Rg8 26. Rag1 a5 27. R6g4 b5 28. Rd1 Rd8 29. Rd5 c6 30. Rd2 Be7 31. Rc2 c5 32. f4 exf4 33. exf4 Bd6 34. Kf3 Be7 35. Ke3 Rge8 36. e5 Kf8 37. Rcg2 fxe5 38. fxe5 Bg5+ 39. Rxg5 hxg5 40. Rxg5 c4 41. bxc4 bxc4 42. e6 Rd3+ 43. Ke4 Re7 44. Be5 a4 45. Rg1 Rd2 46. Rb1 Re8 47. Rb7 Rg2 48. h6 gxh6 49. Rh7 Rg4+ 50. Kd5 Rg5 51. f6 Rd8+ 52. Ke4 Rg4+ 53. Kf5 Rg5+ 54. Kf4 Kg8 55. Rxh6 Rg1 56. f7+ Kf8 57. Rh8+ Ke7 58. Rxd8 Rf1+ 59. Ke4 Kxd8 60. Bd6 c3 61. Kd3 Rd1+ 62. Kxc3 Rxd6 63. f8=Q+ Kc7 64. e7 1-0


[Site "https://www.chess.com"]

[Event "Titled Tuesday Blitz June 27 Early 2023"]
[White "Kjartansson, David"]
[Black "Hakobyan, Aram"]
[WhiteFideId "2301130"]
[BlackFideId "13306677"]
[WhiteElo "2660"]
[BlackElo "2988"]
[Result "0-1"]
[Round "2"]
[TimeControl "180+2"]
[Date "2023.06.27"]
[WhiteClock "0:00:00"]
[BlackClock "0:00:09"]
[Board "14"]

1. d4 g6 2. Nc3 Bg7 3. Bf4 d5 4. e3 Nf6 5. h4 h5 6. Nf3 c5 7. dxc5 Nc6 8. a3 Bg4 9. b4 Ne4 10. Nxe4 dxe4 11. Qxd8+ Rxd8 12. Nd4 e5 13. Nxc6 exf4 14. Nd4 Rxd4 15. exd4 Bxd4 16. Bb5+ Ke7 17. O-O Bxa1 18. Rxa1 Rd8 19. Re1 Bf5 20. Bd3 Rd4 21. f3 e3 22. Bxf5 gxf5 23. g3 fxg3 24. Rxe3+ Kf6 25. Kg2 f4 26. Rd3 Ke5 27. Rxd4 Kxd4 28. c3+ Kc4 29. Kf1 f6 30. Kg2 a6 31. Kf1 Kxc3 32. b5 axb5 0-1


[Site "https://www.chess.com"]

[Event "Titled Tuesday Blitz June 27 Early 2023"]
[White "Andreikin, Dmitry"]
[Black "Manukyan, Sargis A."]
[WhiteFideId "4158814"]
[BlackFideId "13303970"]
[WhiteElo "2987"]
[BlackElo "2657"]
[Result "1-0"]
[Round "2"]
[TimeControl "180+2"]
[Date "2023.06.27"]
[WhiteClock "0:00:54"]
[BlackClock "0:00:00"]
[Board "15"]

1. e4 c5 2. Nc3 d6 3. Nge2 Nc6 4. d4 cxd4 5. Nxd4 Nf6 6. h3 g6 7. Be3 Bg7 8. Bc4 O-O 9. Bb3 Nxd4 10. Bxd4 Be6 11. Bxe6 fxe6 12. O-O Qa5 13. e5 Nd5 14. exd6 Nxc3 15. Bxc3 Bxc3 16. dxe7 Rfe8 17. bxc3 Qxc3 18. Qd7 Qc6 19. Rad1 Qxd7 20. Rxd7 Kf7 21. Rxb7 Rxe7 22. Rfb1 Re8 23. Kf1 Kf6 24. Ke2 h5 25. c4 a6 26. Kd3 Rd8+ 27. Kc3 Ree8 28. Ra7 Rd6 29. Rbb7 Red8 30. Rf7+ Ke5 31. Rf3 Rd1 32. Re3+ Kf5 33. Rxa6 Rc1+ 34. Kb4 Rb8+ 35. Kc5 Rc8+ 36. Rc6 Rxc6+ 37. Kxc6 Rxc4+ 38. Kb5 Rc2 39. Rf3+ Ke5 40. a4 Rb2+ 41. Kc5 g5 42. a5 Ra2 43. Kb4 g4 44. hxg4 hxg4 45. Rf7 g3 46. fxg3 Rxg2 47. Rg7 Rb2+ 48. Kc5 Rc2+ 49. Kb6 Rb2+ 50. Kc6 Rc2+ 51. Kb7 Rb2+ 52. Ka7 Kf6 53. Rb7 Rg2 54. Rb3 e5 55. a6 Rd2 56. Kb7 Rd7+ 57. Kb8 Rd8+ 58. Kc7 Re8 59. a7 e4 60. Rb8 Re7+ 61. Kb6 e3 62. a8=Q e2 63. Qf3+ Kg6 64. Qg4+ Kf7 65. Qf5+ Kg7 66. Qf8+ Kg6 67. Qxe7 1-0


[Site "https://www.chess.com"]

[Event "Titled Tuesday Blitz June 27 Early 2023"]
[White "Ernst, Sipke"]
[Black "Sjugirov, Sanan"]
[WhiteFideId "1004689"]
[BlackFideId "4189302"]
[WhiteElo "2654"]
[BlackElo "2975"]
[Result "0-1"]
[Round "2"]
[TimeControl "180+2"]
[Date "2023.06.27"]
[WhiteClock "0:00:00"]
[BlackClock "0:00:06"]
[Board "16"]

1. d4 Nf6 2. c4 e6 3. g3 c5 4. Nf3 cxd4 5. Nxd4 Bb4+ 6. Bd2 Qb6 7. Bxb4 Qxb4+ 8. Nc3 Qxb2 9. Ndb5 Qb4 10. Qb3 Qc5 11. Bg2 O-O 12. O-O Nc6 13. Na4 Qe5 14. c5 b6 15. f4 Qb8 16. Nd6 Ba6 17. Bxc6 dxc6 18. Rfe1 Qc7 19. e4 bxc5 20. e5 Nd7 21. Qe3 Qa5 22. Nc3 Rab8 23. Nce4 Rb2 24. a3 Qa4 25. Rab1 Rfb8 26. Rxb2 Rxb2 27. Rc1 Rb3 28. Qf2 Qxa3 29. Ng5 Qxc1+ 0-1


[Site "https://www.chess.com"]

[Event "Titled Tuesday Blitz June 27 Early 2023"]
[White "Van Foreest, Jorden"]
[Black "Karttunen, Mika"]
[WhiteFideId "1039784"]
[BlackFideId "502081"]
[WhiteElo "2974"]
[BlackElo "2653"]
[Result "1-0"]
[Round "2"]
[TimeControl "180+2"]
[Date "2023.06.27"]
[WhiteClock "0:01:09"]
[BlackClock "0:00:29"]
[Board "17"]

1. e4 c5 2. Nc3 Nc6 3. Bb5 e5 4. d3 Bd6 5. Nge2 Nge7 6. O-O O-O 7. f4 f5 8. Be3 Nd4 9. Bc4+ Kh8 10. a4 Ng6 11. fxe5 Bxe5 12. exf5 Nxf5 13. Bxc5 d6 14. Bf2 Qg5 15. Ne4 Qh6 16. N2g3 Bxb2 17. Rb1 Be5 18. Qc1 Nf4 19. Kh1 Nh4 20. d4 d5 21. dxe5 dxc4 22. Bc5 Rf7 23. Nd6 Rf8 24. Nxc8 Rfxc8 25. Qxf4 Qxf4 26. Rxf4 Ng6 27. Rxc4 Nxe5 28. Rc3 b6 29. Bd4 Rxc3 30. Bxc3 Nc6 31. Rd1 1-0


[Site "https://www.chess.com"]

[Event "Titled Tuesday Blitz June 27 Early 2023"]
[White "Leon Oquendo, Jorge"]
[Black "Makarian, Rudik"]
[WhiteFideId "3514803"]
[BlackFideId "44105681"]
[WhiteElo "2652"]
[BlackElo "2973"]
[Result "1-0"]
[Round "2"]
[TimeControl "180+2"]
[Date "2023.06.27"]
[WhiteClock "0:00:08"]
[BlackClock "0:00:06"]
[Board "18"]

1. e4 c5 2. Nf3 Nc6 3. Bb5 e6 4. Bxc6 bxc6 5. Qe2 Ne7 6. h4 d6 7. h5 e5 8. h6 g6 9. d3 f6 10. c3 g5 11. Be3 Ng6 12. d4 Rb8 13. dxc5 d5 14. exd5 Qxd5 15. O-O Bg4 16. Rd1 Bxf3 17. gxf3 Qe6 18. b4 Rg8 19. Nd2 Nf4 20. Bxf4 gxf4+ 21. Kf1 Kf7 22. Qc4 Be7 23. Ke2 Rg6 24. Qxe6+ Kxe6 25. Nc4 f5 26. Rg1 Rbg8 27. Rxg6+ Rxg6 28. Na5 Kd7 29. Rd1+ Kc7 30. Nc4 Re6 31. Rg1 Bf8 32. Rg8 Bxh6 33. Nd6 e4 34. Ra8 e3 35. Rxa7+ Kb8 36. Rb7+ Ka8 37. Rxh7 Bg5 38. a4 Bf6 39. b5 cxb5 40. axb5 Bxc3 41. b6 Bd4 42. fxe3 Rxe3+ 43. Kd2 Rb3 44. Rc7 Bxc5 45. Rc8# 1-0


[Site "https://www.chess.com"]

[Event "Titled Tuesday Blitz June 27 Early 2023"]
[White "Gurel, Ediz"]
[Black "Florescu, Codrut-Constantin"]
[WhiteFideId "44507356"]
[BlackFideId "1202200"]
[WhiteElo "2966"]
[BlackElo "2651"]
[Result "1-0"]
[Round "2"]
[TimeControl "180+2"]
[Date "2023.06.27"]
[WhiteClock "0:00:11"]
[BlackClock "0:00:04"]
[Board "19"]

1. e4 c5 2. Nf3 e6 3. d4 cxd4 4. Nxd4 a6 5. Nc3 d6 6. g3 Bd7 7. Bg2 Nc6 8. O-O Nf6 9. Be3 Be7 10. f4 O-O 11. Kh1 Qc7 12. Nb3 b5 13. a3 Rad8 14. g4 Bc8 15. g5 Nd7 16. Qh5 g6 17. Qh6 Rfe8 18. Rf3 Bf8 19. Qh4 Nc5 20. Rh3 h5 21. gxh6 Kh7 22. Nd2 d5 23. Nf3 Be7 24. Ng5+ Bxg5 25. Qxg5 f6 26. Qxf6 d4 27. e5 Rf8 28. Qg7+ Qxg7 29. hxg7+ Kxg7 30. Bxc6 dxe3 31. Rxe3 Rxf4 32. b4 Na4 33. Nxa4 bxa4 34. Rae1 Bd7 35. Bxd7 Rxd7 36. Kg2 Rd2+ 37. R1e2 Rxe2+ 38. Rxe2 Rc4 39. Rd2 Rc3 40. Rd7+ Kh6 41. Rd6 Rxa3 42. Rxe6 Rc3 43. Rxa6 Rxc2+ 44. Kg3 Rc3+ 45. Kf2 a3 46. b5 Rb3 47. b6 Rb2+ 48. Ke3 a2 49. b7 Kg5 50. Rxa2 Rxb7 51. Ke4 Rb1 52. Rg2+ Kh5 53. e6 Re1+ 54. Kd5 Rd1+ 55. Ke5 Re1+ 56. Kf6 Rf1+ 57. Kg7 Re1 58. Rxg6 Kh4 59. Kf7 1-0


[Site "https://www.chess.com"]

[Event "Titled Tuesday Blitz June 27 Early 2023"]
[White "Schnaider, Ilan"]
[Black "Nguyen, Ngoc Truong Son"]
[WhiteFideId "169013"]
[BlackFideId "12401110"]
[WhiteElo "2650"]
[BlackElo "2962"]
[Result "0-1"]
[Round "2"]
[TimeControl "180+2"]
[Date "2023.06.27"]
[WhiteClock "0:00:41"]
[BlackClock "0:00:59"]
[Board "20"]

1. e4 e5 2. Nf3 Nc6 3. Bc4 Nf6 4. d3 h6 5. c3 d6 6. O-O g5 7. b4 Bg7 8. a4 O-O 9. Re1 d5 10. exd5 Nxd5 11. b5 Na5 12. Bxd5 Qxd5 13. c4 Qd8 14. Bb2 Bg4 15. h3 Bxf3 16. Qxf3 e4 17. Rxe4 Bxb2 18. Ra2 Bg7 19. Rae2 Nb3 20. Qh5 Qxd3 21. Na3 Qd1+ 22. Kh2 Qd6+ 23. f4 gxf4 24. c5 Qxc5 25. Re5 Qxa3 26. Qg4 Qd6 0-1


[Site "https://www.chess.com"]

[Event "Titled Tuesday Blitz June 27 Early 2023"]
[White "Sanal, Vahap"]
[Black "Papasimakopoulos, Alexandros"]
[WhiteFideId "6300545"]
[BlackFideId "4244125"]
[WhiteElo "2960"]
[BlackElo "2647"]
[Result "1-0"]
[Round "2"]
[TimeControl "180+2"]
[Date "2023.06.27"]
[WhiteClock "0:00:43"]
[BlackClock "0:01:01"]
[Board "21"]

1. e4 e6 2. d3 d5 3. Nd2 c5 4. g3 Nc6 5. Bg2 Nge7 6. Ngf3 g6 7. O-O Bg7 8. c3 O-O 9. Qe2 a5 10. Re1 a4 11. e5 b5 12. Nf1 b4 13. c4 dxc4 14. dxc4 Ra7 15. h4 h6 16. Bf4 Rd7 17. N1d2 Nf5 18. Ne4 Qb6 19. Nf6+ Bxf6 20. exf6 Ncd4 21. Nxd4 Rxd4 22. Be5 Bb7 23. Bxd4 Nxd4 24. Qe3 Bxg2 25. Kxg2 Qb7+ 26. Qe4 Qa6 27. Rac1 b3 28. a3 Rd8 29. h5 g5 30. f4 g4 31. Red1 Qb6 32. Rd3 Kh8 33. Rcd1 Qa7 34. Kf2 Qb6 35. R1d2 Qa7 36. Rd1 Qb6 37. Qe3 Qb7 38. f5 Kh7 39. fxe6 fxe6 40. Re1 Rf8 41. Qe4+ Qxe4 42. Rxe4 Rxf6+ 43. Kg2 Rf3 44. Rxf3 gxf3+ 45. Kf2 Kg7 46. g4 Kf6 47. Rxd4 cxd4 48. c5 e5 49. c6 Ke6 50. Kxf3 d3 51. Ke3 e4 52. g5 hxg5 53. h6 g4 54. c7 g3 55. c8=Q+ 1-0


[Site "https://www.chess.com"]

[Event "Titled Tuesday Blitz June 27 Early 2023"]
[White "Daneshvar, Bardiya"]
[Black "Eugene, Floryan"]
[WhiteFideId "12576468"]
[BlackFideId "20694784"]
[WhiteElo "2957"]
[BlackElo "2642"]
[Result "0-1"]
[Round "2"]
[TimeControl "180+2"]
[Date "2023.06.27"]
[WhiteClock "0:00:13"]
[BlackClock "0:00:10"]
[Board "22"]

1. b3 Nc6 2. Bb2 e5 3. c4 d6 4. Nc3 g6 5. g3 Bg7 6. Bg2 Nge7 7. e3 O-O 8. Nge2 f5 9. d3 Be6 10. Nd5 Bf7 11. O-O Nxd5 12. cxd5 Ne7 13. e4 Qd7 14. f4 c6 15. fxe5 dxe5 16. dxc6 Nxc6 17. Rc1 Rad8 18. exf5 gxf5 19. d4 Nxd4 20. Bxd4 exd4 21. Qd3 Be6 22. Nf4 Rde8 23. Rc5 Kh8 24. Nxe6 Qxe6 25. Bxb7 f4 26. gxf4 Qh6 27. Rc6 Bf6 28. Kh1 Qg7 29. Ba6 Re3 30. Qc4 Rg8 31. Qd5 Rh3 32. Qxg8+ Qxg8 33. Rxf6 Qd5+ 34. Kg1 Rh4 35. Be2 d3 0-1


[Site "https://www.chess.com"]

[Event "Titled Tuesday Blitz June 27 Early 2023"]
[White "TimGrutter03"]
[Black "Jones, Gawain C B"]
[BlackFideId "409561"]
[WhiteElo "2633"]
[BlackElo "2954"]
[Result "0-1"]
[Round "2"]
[TimeControl "180+2"]
[Date "2023.06.27"]
[WhiteClock "0:00:30"]
[BlackClock "0:00:50"]
[Board "23"]

1. d4 d5 2. Nc3 Bf5 3. Bf4 e6 4. e3 Nf6 5. f3 Bd6 6. g4 Bxf4 7. exf4 Bg6 8. Bd3 Bxd3 9. Qxd3 h5 10. f5 hxg4 11. fxg4 Nxg4 12. O-O-O Nf2 13. Qb5+ Nd7 14. fxe6 fxe6 15. Nf3 Nxd1 16. Rxd1 O-O 17. Qd3 Qf6 18. Nd2 c6 19. b3 e5 20. dxe5 Nxe5 21. Qh3 Nf3 22. Rf1 Qxc3 23. Nxf3 Rae8 24. Nd2 0-1


[Site "https://www.chess.com"]

[Event "Titled Tuesday Blitz June 27 Early 2023"]
[White "Lenderman, Aleksandr"]
[Black "Soham Kamotra"]
[WhiteFideId "2021285"]
[BlackFideId "46647490"]
[WhiteElo "2951"]
[BlackElo "2631"]
[Result "1/2-1/2"]
[Round "2"]
[TimeControl "180+2"]
[Date "2023.06.27"]
[WhiteClock "0:00:50"]
[BlackClock "0:00:21"]
[Board "24"]

1. Nf3 Nf6 2. b3 d5 3. Bb2 Bf5 4. Nh4 Bg4 5. h3 Bh5 6. g4 Bg6 7. d3 Nbd7 8. Bg2 e5 9. Nxg6 hxg6 10. g5 Nh5 11. Bxd5 c6 12. Bf3 Qxg5 13. Nd2 Nf4 14. Ne4 Qe7 15. e3 Ne6 16. Qe2 O-O-O 17. O-O-O f5 18. Nd2 Ng5 19. Bg2 Nf7 20. Rdg1 Qe6 21. e4 Be7 22. Kb1 Rh7 23. exf5 gxf5 24. f4 Bf6 25. Nc4 Re8 26. Qf2 Nb6 27. Nxb6+ axb6 28. fxe5 Bxe5 29. Qxb6 Bxb2 30. Kxb2 Qf6+ 31. Kb1 Ng5 32. h4 Ne6 33. Re1 Rhh8 34. Qa5 Nc7 35. Rxe8+ Rxe8 36. Bh3 g6 37. h5 Nd5 38. Qa8+ Kd7 39. Qxb7+ Kd6 40. Bg2 Nc3+ 41. Kb2 Nb5+ 42. Kb1 Nc3+ 43. Kb2 Nb5+ 44. Kb1 Nc3+ 1/2-1/2


[Site "https://www.chess.com"]

[Event "Titled Tuesday Blitz June 27 Early 2023"]
[White "Sadykov, Ramil"]
[Black "Suleymanli, Aydin"]
[WhiteFideId "24113590"]
[BlackFideId "13413937"]
[WhiteElo "2629"]
[BlackElo "2949"]
[Result "1-0"]
[Round "2"]
[TimeControl "180+2"]
[Date "2023.06.27"]
[WhiteClock "0:00:08"]
[BlackClock "0:00:09"]
[Board "25"]

1. e4 c5 2. Nf3 d6 3. Bb5+ Nc6 4. Bxc6+ bxc6 5. O-O g6 6. e5 Bg7 7. Re1 Nh6 8. exd6 Qxd6 9. h3 O-O 10. d3 Nf5 11. Nbd2 Qd5 12. Qe2 e5 13. Nc4 Re8 14. Be3 Ba6 15. b3 e4 16. dxe4 Qxe4 17. Nfd2 Bxc4 18. bxc4 Qxc2 19. Rec1 Qa4 20. Rab1 Nxe3 21. fxe3 Rxe3 22. Qf1 Qxa2 23. Rb7 Rf8 24. Nf3 a5 25. Re1 Rxe1 26. Qxe1 a4 27. Ng5 a3 28. Nxf7 Qa1 29. Nh6+ Kh8 30. Nf7+ Kg8 31. Nh6+ Kh8 32. Nf7+ Rxf7 33. Rb8+ Rf8 34. Rxf8+ Bxf8 35. Qxa1+ Bg7 36. Qxa3 Bd4+ 37. Kf1 Kg7 38. Ke2 Kf6 39. Kf3 Ke5 40. Qa6 g5 41. g4 h5 42. Qxc6 hxg4+ 43. Kxg4 Be3 44. Qd5+ Kf6 45. Qf5+ Kg7 46. Qe6 Kh8 47. Qf7 Bf4 48. Kf5 g4 49. Kg6 Bh6 50. Qh7# 1-0


[Site "https://www.chess.com"]

[Event "Titled Tuesday Blitz June 27 Early 2023"]
[White "Zochowski, Kacper"]
[Black "Vokhidov, Shamsiddin"]
[WhiteFideId "1125494"]
[BlackFideId "14204223"]
[WhiteElo "2629"]
[BlackElo "2947"]
[Result "1-0"]
[Round "2"]
[TimeControl "180+2"]
[Date "2023.06.27"]
[WhiteClock "0:01:42"]
[BlackClock "0:01:00"]
[Board "26"]

1. Nf3 Nf6 2. c4 e6 3. g3 d5 4. Bg2 dxc4 5. Qa4+ Nbd7 6. Qxc4 a6 7. Qb3 c5 8. a4 Bd6 9. d3 O-O 10. a5 Rb8 11. O-O b5 12. axb6 Nxb6 13. Na3 Bb7 14. Nc4 Bd5 15. Qc2 Nxc4 16. dxc4 Be4 17. Qc3 Qb6 18. Bg5 Be7 19. Ra2 h6 20. Bf4 Rb7 21. Rfa1 Ra8 22. Ne5 Bxg2 23. Kxg2 Nd7 24. Nxd7 Rxd7 25. Be5 f6 26. Bf4 Rb7 27. Qf3 Bf8 28. Bd2 Rba7 29. Bc3 Rd8 30. Ba5 Qb8 31. Bxd8 Qxd8 32. Rxa6 Re7 33. Ra8 Qd7 34. Rb8 Rf7 35. Raa8 g6 36. Rd8 Qc7 37. Rac8 Qe7 38. Qa8 Kg7 39. Re8 Qd6 40. Rcd8 1-0


[Site "https://www.chess.com"]

[Event "Titled Tuesday Blitz June 27 Early 2023"]
[White "Kozak, Adam"]
[Black "Lee, Qing Aun"]
[WhiteFideId "753246"]
[BlackFideId "5804167"]
[WhiteElo "2946"]
[BlackElo "2629"]
[Result "1/2-1/2"]
[Round "2"]
[TimeControl "180+2"]
[Date "2023.06.27"]
[WhiteClock "0:00:03"]
[BlackClock "0:00:04"]
[Board "27"]

1. e4 c5 2. Nf3 g6 3. d4 cxd4 4. Nxd4 Bg7 5. c4 Nc6 6. Be3 Nf6 7. Nc3 Ng4 8. Qxg4 Nxd4 9. Qd1 e5 10. Bd3 O-O 11. O-O d6 12. Ne2 Nxe2+ 13. Qxe2 Be6 14. Rfd1 Qe7 15. Rac1 b6 16. Qd2 Rac8 17. b3 f5 18. f3 f4 19. Bf2 g5 20. Be2 Rcd8 21. g4 fxg3 22. hxg3 Qf6 23. Be3 Qg6 24. Rf1 g4 25. f4 Qxe4 26. Bd3 Qc6 27. f5 Bc8 28. Qh2 e4 29. Qh1 Bxf5 30. Rxf5 Rxf5 31. Bxe4 Qd7 32. Rd1 Rdf8 33. Bf4 Be5 34. Bxf5 Qxf5 35. Qd5+ Kh8 36. Bxe5+ dxe5 37. Qg2 e4 38. b4 e3 39. Rf1 Qc8 40. Qe4 Rxf1+ 41. Kxf1 Qf8+ 42. Qf4 Qxb4 43. Qe5+ Kg8 44. Qd5+ Kf8 45. Qf5+ Ke8 46. Qe5+ Kf8 47. Qf4+ Ke7 48. Qxe3+ Kd7 49. Qd4+ Kc7 50. Qf4+ Kb7 51. Qxg4 Qb1+ 52. Kg2 Qxa2+ 53. Kh3 Qb1 54. Qd7+ Ka6 55. Qa4+ Kb7 56. g4 Qh1+ 57. Kg3 Qg1+ 58. Kf4 Qf2+ 59. Kg5 Qd2+ 60. Kf5 Qd3+ 61. Kf4 Qd4+ 62. Kf5 Qd3+ 63. Kg5 Qe3+ 64. Kh5 Qh3+ 65. Kg5 Qe3+ 66. Kf6 Qd4+ 67. Kf5 Qd3+ 1/2-1/2


[Site "https://www.chess.com"]

[Event "Titled Tuesday Blitz June 27 Early 2023"]
[White "Movahed, Sina"]
[Black "Lopez Mulet, Inigo"]
[WhiteFideId "42520835"]
[BlackFideId "22235620"]
[WhiteElo "2941"]
[BlackElo "2629"]
[Result "1-0"]
[Round "2"]
[TimeControl "180+2"]
[Date "2023.06.27"]
[WhiteClock "0:02:12"]
[BlackClock "0:02:03"]
[Board "28"]

1. e4 d6 2. d4 Nf6 3. Nc3 Bg4 4. Be2 Bxe2 5. Qxe2 e5 6. Nf3 Nbd7 7. Be3 Be7 8. O-O-O O-O 9. Rhg1 Ng4 10. dxe5 Ngxe5 11. Nxe5 Nxe5 12. f4 Nc6 13. g4 Qd7 14. g5 Rfe8 15. Nd5 Rac8 16. f5 Bf8 17. Nf6+ gxf6 18. gxf6+ Kh8 19. Qg4 Bh6 20. Bxh6 Ne5 21. Qg7# 1-0


[Site "https://www.chess.com"]

[Event "Titled Tuesday Blitz June 27 Early 2023"]
[White "Karaev, Seit-Amet"]
[Black "Indjic, Aleksandar"]
[WhiteFideId "4169549"]
[BlackFideId "911925"]
[WhiteElo "2627"]
[BlackElo "2939"]
[Result "0-1"]
[Round "2"]
[TimeControl "180+2"]
[Date "2023.06.27"]
[WhiteClock "0:00:00"]
[BlackClock "0:00:12"]
[Board "29"]

1. e4 e5 2. f4 exf4 3. Nf3 Nf6 4. e5 Nh5 5. Qe2 g6 6. d4 Be7 7. Nc3 d6 8. Bd2 Nc6 9. O-O-O Bg4 10. exd6 cxd6 11. Qf2 O-O 12. g3 fxg3 13. hxg3 Bf6 14. Bh6 Re8 15. Bc4 Rc8 16. Bd5 Nb4 17. Bb3 Qa5 18. Kb1 Rxc3 19. bxc3 Nd5 20. Bxd5 Qxd5 21. Rhf1 Rc8 22. Rde1 Be6 23. Rxe6 Qxe6 24. Bd2 b5 25. Re1 Qd5 26. g4 Ng7 27. g5 Bd8 28. Qe3 Bb6 29. Qe4 Qxe4 30. Rxe4 Re8 31. Rh4 Nf5 32. Rh2 Re4 33. Kb2 a6 34. Ne1 Bd8 35. Nd3 f6 36. gxf6 Bxf6 37. Nb4 a5 38. Nd5 Bg7 39. a4 b4 40. cxb4 Rxd4 41. Nc3 Rxd2 42. Rxd2 axb4 43. Rd3 Bxc3+ 44. Kb3 Nd4+ 45. Kc4 Nxc2 46. a5 d5+ 47. Kb5 Nd4+ 48. Ka4 Nc6 49. Rxd5 Nxa5 50. Rxa5 Kg7 51. Kb3 h5 52. Kc2 h4 53. Kd3 h3 54. Ra2 Be5 55. Re2 h2 56. Re1 Kf6 57. Ke4 b3 58. Kf3 b2 0-1


[Site "https://www.chess.com"]

[Event "Titled Tuesday Blitz June 27 Early 2023"]
[White "Antipov, Mikhail Al."]
[Black "Ahmad, Khagan"]
[WhiteFideId "4107012"]
[BlackFideId "13431552"]
[WhiteElo "2916"]
[BlackElo "2626"]
[Result "1-0"]
[Round "2"]
[TimeControl "180+2"]
[Date "2023.06.27"]
[WhiteClock "0:00:20"]
[BlackClock "0:00:05"]
[Board "30"]

1. e4 c5 2. Nf3 d6 3. d4 cxd4 4. Nxd4 Nf6 5. Nc3 a6 6. Rg1 e5 7. Nb3 h5 8. Bg5 Be6 9. Be2 Be7 10. Qd2 Nbd7 11. O-O-O b5 12. h4 Rc8 13. f3 O-O 14. Kb1 Qc7 15. g4 hxg4 16. h5 b4 17. Nd5 Nxd5 18. exd5 Bxg5 19. Qxg5 Qxc2+ 20. Ka1 f6 21. Qe3 Bf7 22. Bd3 Qh2 23. Rxg4 Bxh5 24. Rxb4 Nc5 25. Bf5 Nxb3+ 26. axb3 Rc5 27. Rb7 Qf4 28. Qxf4 exf4 29. Rh1 g6 30. b4 Rc4 31. Rg1 Re8 32. Bxg6 Bxg6 33. Rxg6+ Kh8 34. Rxf6 Rd4 35. Rxd6 Rd3 36. Rh6+ Kg8 37. Rg6+ Kh8 38. d6 Rxf3 39. Rf7 Rd8 40. d7 Rd3 41. Rxf4 R3xd7 42. Rxa6 Rb8 43. Ka2 Rdb7 44. Kb3 Kg8 45. Rg6+ Kh7 46. Rg1 Rb6 47. Rh4+ Rh6 48. Rxh6+ Kxh6 49. Kc4 Rc8+ 50. Kd5 Rb8 51. Kc5 Rc8+ 52. Kd6 Rb8 53. Rg4 Kh5 54. Kc7 Ra8 55. Rc4 Ra2 56. b3 Rb2 57. Rc3 Kg5 58. b5 Kf5 59. b6 Ke5 60. b7 Kd4 61. Rc4+ 1-0


[Site "https://www.chess.com"]

[Event "Titled Tuesday Blitz June 27 Early 2023"]
[White "Kaidanov, Gregory"]
[Black "Baskakov, Egor"]
[WhiteFideId "2008564"]
[BlackFideId "24197866"]
[WhiteElo "2624"]
[BlackElo "2913"]
[Result "1-0"]
[Round "2"]
[TimeControl "180+2"]
[Date "2023.06.27"]
[WhiteClock "0:00:02"]
[BlackClock "0:00:07"]
[Board "31"]

1. d4 Nf6 2. c4 e6 3. Nc3 d5 4. Nf3 Ne4 5. e3 f5 6. Be2 c6 7. O-O Be7 8. Ne5 O-O 9. f3 Nxc3 10. bxc3 Nd7 11. Nd3 dxc4 12. Nf4 Nb6 13. a4 Nd5 14. Bxc4 g5 15. Nd3 Nxc3 16. Qb3 Nd5 17. Bd2 Bf6 18. Kh1 Qe8 19. e4 Nb6 20. e5 Nxc4 21. Qxc4 Be7 22. Bb4 b6 23. a5 Bxb4 24. Qxb4 Ba6 25. Rfd1 Bxd3 26. Rxd3 Qd7 27. Qd2 h6 28. Rc1 Rad8 29. h3 c5 30. Rd1 c4 31. Ra3 b5 32. a6 Qe7 33. Rda1 Rd5 34. Qb2 b4 35. Ra4 Rb8 36. Rc1 c3 37. Rxc3 Rxd4 38. Rc8+ Rxc8 39. Qxd4 b3 40. Rb4 Rd8 41. Qc3 g4 42. fxg4 fxg4 43. Rxg4+ Kh8 44. Qxb3 Rf8 45. Qe3 Qh7 46. Rh4 Kg7 47. Qxa7+ Rf7 48. Qe3 h5 49. Ra4 Qg6 50. a7 Rf1+ 51. Kh2 Qb1 52. a8=Q Rh1+ 53. Kg3 Qg6+ 54. Kf2 Rb1 55. Qaa7+ Kg8 56. Qa8+ Kh7 57. Ra7+ Qg7 58. Rxg7+ Kxg7 59. Qg5+ Kf7 60. Qa7+ Ke8 61. Qge7# 1-0


[Site "https://www.chess.com"]